Workbook

Sheet residual 1
A3: MUNICIPIO DE POPAYAN
A4: PROCESO No. MP-SS-SM-006-2025
A5: OBJETO: ADECUACIÓN Y ACONDICIONAMIENTO DE LOS CENTROS VIDA PARA LA ATENCIÓN DE PERSONAS MAYORES EN EL MARCO DEL PROYECTO APOYO PARA EL BIENESTAR INTEGRAL DE LAS PERSONAS MAYORES DEL MUNICIPIO DE POPAYÁN
B8: Certificación de contratos para acreditación de experiencia
B10: INTEGRANTE
A12: Contrato No | B12: Contratos relacionados con la actividad de la construcción – segmento 72 Clasificador UNSPSC del RUP (en SMMLV) | E12: Participación del proponente en el contratista plural | F12: Valor del SMMLV 2019 | G12: Valor total de los contratos ejecutados (valor del contrato ponderado por la participación)
A13: 1
A14: 2
A15: 3
A16: 4
A17: 5
A18: 6
A19: 7
A20: 8
A21: 9
A22: 10
E24: Total | G24: =SUM(G13:G23) -> 0
A26: En constancia de lo anterior firmo este documento a los
B30: Firma representante legal
B32: Nombre: | D32: =C10 -> 0
B33: Documento de Identidad:
E39: CONTADOR PUBLICO

Sheet residual 2
A4: MUNICIPIO DE POPAYAN
A5: PROCESO No. MP-SS-SM-002-2025
A6: OBJETO: ADECUACIÓN Y ACONDICIONAMIENTO DE LOS CENTROS VIDA PARA LA ATENCIÓN DE PERSONAS MAYORES EN EL MARCO DEL PROYECTO APOYO PARA EL BIENESTAR INTEGRAL DE LAS PERSONAS MAYORES DEL MUNICIPIO DE POPAYÁN
A10: FORMULARIO 1
A11: Certificación de la Capacidad Técnica
A13: INTEGRANTE
A15: Nombre del socio y/o profesional de la arquitectura, ingeniería o geología | D15: Profesión | F15: N° de matrícula profesional | G15: Número y año del Contrato laboral o de prestación de servicios profesionales | I15: Vigencia del Contrato
A20: ='residual 1'!A26 -> En constancia de lo anterior firmo este documento a los
A24: Firma representante legal
A26: Nombre: | G26: CONTADOR PUBLICO
A27: Documento de Identidad:

Sheet FINANCIERA
A3: MUNICIPIO DE POPAYAN
A4: PROCESO No. MP-SS-SM-002-2025
A5: OBJETO: ADECUACIÓN Y ACONDICIONAMIENTO DE LOS CENTROS VIDA PARA LA ATENCIÓN DE PERSONAS MAYORES EN EL MARCO DEL PROYECTO APOYO PARA EL BIENESTAR INTEGRAL DE LAS PERSONAS MAYORES DEL MUNICIPIO DE POPAYÁN
A8: INFORMACION FINANCIERA
A10: INTEGRANTE
A12: NOMBRE PARTICIPANTE PROPONENTE PLURAL | D12: AÑO DE INFORMACION | F12: INGRESOS OPERACIONALES | G12: ACTIVO CORRIENTE | I12: PASIVO CORRIENTE
A17: ='residual 1'!A26 -> En constancia de lo anterior firmo este documento a los
A22: Firma representante legal
A24: Nombre: | G24: CONTADOR PUBLICO
A25: Documento de Identidad:

Sheet CAPACIDAD RESIDUAL
B1: EMCASERVICIOS SA ESP
B3: =#REF! -> #REF!
B5: =#REF! -> #REF!
B7: ID | C7: Objeto Contrato | D7: Número de Contrato | E7: Entidad Contratante | F7: FORMAS DE EJECUCION | H7: Valor del contrato ni (incluido IVA y adiciones) | I7: PLAZO | J7: FECHA DE INICIO | K7: TOTAL SUSPENSIONES | L7: DIAS POR EJECUTAR
B8: No. | F8: I,C,UT, OTRA | G8: % | H8: (Pesos $) | I8: MESES | J8: D/M/A | K8: DIAS | L8: DIAS | O8: INICIO | P8: DÍAS DE PLAZO | Q8: SUSPENSIONES | R8: CIERRE | S8: FALTA
B9: 1 | C9: OPTIMIZACION DEL ALCANTARILLADO SANITARIO EN EL BARRIO CARLOS ALBERTO GUZMAN MUNICIPIO DE PUERTO TEJADA DEPARTAMENTO DEL CAUCA | D9: 136-2018 | E9: EMCASERVICIOS S.A. E.S.P. | F9: I | G9: 1 | H9: 1650294974 | I9: 7 | J9: 43356 | K9: 56 | L9: =S9 -> 10 | O9: =J9 -> 43356 | P9: =O9+(30.3*I9) -> 43568.1 | Q9: =P9+K9 -> 43624.1 | R9: 43614 | S9: =ROUND(Q9-R9,0) -> 10
B10: 2 | C10: CONSTRUCCIÓN SEGUNDA ETAPA DE REDES DE RECOLECCIÓN Y PLANTA DE TRATAMIENTO DE AGUAS RESIDUALES, DEL SISTEMA DE ALCANTARILLADO SANITARIO DE RICAURTE, RESGUARDO DE RICAURTE, MUNICIPIO DE PÁEZ, DEPARTAMENTO DEL CAUCA. | D10: 65 | E10: NASAKIWE | F10: I | G10: 1 | H10: 753268146 | I10: 7 | J10: 43606 | K10: 0 | L10: =S10 -> 229 | O10: =J10 -> 43606 | P10: =O10+(30.3*I10) -> 43818.1 | Q10: =P10+K10 -> 43818.1 | R10: 43589 | S10: =ROUND(Q10-R10,0) -> 229
B11: .
B13: NOTA: La fecha de inicio de las obras objeto de los contratos adjudicados y la fecha de reinicio de los contratos suspendidos se tomará para efectos de claridad al proceso la fecha de cierre del proceso.
B15: YAMIL Fabián HAMDANN GONZALEZ | F15: ='residual 2'!G25 -> 0
B16: CC No 76308097 | F16: ='residual 2'!G26 -> CONTADOR PUBLICO
F17: ='residual 2'!G27 -> 0
B19: FIRMA | F19: FIRMA

Sheet ANEXO 6B
B1: K RESIDUAL
B3: ID | C3: Objeto Contrato | D3: Número de Contrato | E3: Entidad Contratante | F3: FORMAS DE EJECUCION | H3: Valor del contrato ni (incluido IVA y adiciones) | I3: PLAZO | J3: FECHA DE INICIO | K3: TOTAL SUSPENSIONES | L3: DIAS POR EJECUTAR
B4: No. | F4: I,C,UT, OTRA | G4: % | H4: (Pesos $) | I4: MESES | J4: D/M/A | K4: DIAS | L4: DIAS | O4: INICIO | P4: DÍAS DE PLAZO | Q4: SUSPENSIONES | R4: CIERRE | S4: FALTA | U4: DIARIO | V4: SALDO POR EJECUTAR
B5: ='CAPACIDAD RESIDUAL'!B9 -> 1 | C5: ='CAPACIDAD RESIDUAL'!C9 -> OPTIMIZACION DEL ALCANTARILLADO SANITARIO EN EL BARRIO CARLOS ALBERTO GUZMAN MUNICIPIO DE PUERTO TEJADA DEPARTAMENTO DEL CAUCA | D5: ='CAPACIDAD RESIDUAL'!D9 -> 136-2018 | E5: ='CAPACIDAD RESIDUAL'!E9 -> EMCASERVICIOS S.A. E.S.P. | F5: ='CAPACIDAD RESIDUAL'!F9 -> I | G5: ='CAPACIDAD RESIDUAL'!G9 -> 1 | H5: ='CAPACIDAD RESIDUAL'!H9 -> 1650294974 | I5: ='CAPACIDAD RESIDUAL'!I9 -> 7 | ... L5: ='CAPACIDAD RESIDUAL'!L9 -> 10 | O5: =J5 -> 43356 | P5: =O5+(30.3*I5) -> 43568.1 | Q5: =P5+K5 -> 43624.1 | R5: ='CAPACIDAD RESIDUAL'!R9 -> 43614 | S5: =ROUND(Q5-R5,0) -> 10 | U5: =H5/(I5*30) -> 7858547.5 | V5: =U5*L5 -> 78585475
B6: 2 | C6: CONSTRUCCIÓN SEGUNDA ETAPA DE REDES DE RECOLECCIÓN Y PLANTA DE TRATAMIENTO DE AGUAS RESIDUALES, DEL SISTEMA DE ALCANTARILLADO SANITARIO DE RICAURTE, RESGUARDO DE RICAURTE, MUNICIPIO DE PÁEZ, DEPARTAMENTO DEL CAUCA. | D6: 65 | E6: NASAKIWE | F6: I | G6: 1 | H6: 753268146 | I6: 7 | J6: 43606 | K6: 0 | L6: =S6 -> 204 | O6: =J6 -> 43606 | P6: =O6+(30.3*I6) -> 43818.1 | Q6: =P6+K6 -> 43818.1 | R6: 43614 | S6: =ROUND(Q6-R6,0) -> 204 | U6: =H6/(I6*30) -> 3586991.2 | V6: =U6*L6 -> 7.317462e+08
B7: .
V8: =SUM(V5:V7) -> 8.1033167e+08 | W8: =(6) -> 6
B10: Capacidad de Organización ( Co ) | D10: Experiencia | E10: Capacidad Tecnica | F10: Capacidad Financiera | H10: MI CAPACIDAD RESIDUAL DE CONTRATACIÓN PARA EL PRESENTE PROCESO ES: (1) * [ (2) + (3) + (4) / 100 ] - ( 6 )
B11: Mayor ingreso operacional de los últimos 5 años (2017) | F11: Indice de liquidez = 70,67
D12: (2) | E12: (3) | F12: (4)
B13: (1) (Pesos $) | D13: ( Puntaje ) | E13: ( Puntaje ) | F13: ( Puntaje )
B14: =FINANCIERA!F13 -> 0 | D14: 120 | E14: 20 | F14: 40 | H14: =ROUND(((((D14+E14+F14)/100)*B14)-V8),0) -> -810331674
D15: Ver tabla | E15: Ver tabla | G15: Ver tabla
B17: Atentamente,
D18: FIRMA:
B19: Nombre Proponente: | E19: YAMIL FABIAN HAMDANN GONZALEZ
C20: =#REF! -> #REF! | E20: YAMIL FABIAN HAMDANN GONZALEZ
C21: DOCUMENTO DE IDENTIDAD: | E21: 76308097

Sheet CAPACIDAD RESIDUAL (2)
B2: MUNICIPIO DE POPAYAN
B3: Selección Abreviada de Menor Cuantía No. MP-SS-SM-002-2025
B4: OBJETO: ADECUACIÓN Y ACONDICIONAMIENTO DE LOS CENTROS VIDA PARA LA ATENCIÓN DE PERSONAS MAYORES EN EL MARCO DEL PROYECTO APOYO PARA EL BIENESTAR INTEGRAL DE LAS PERSONAS MAYORES DEL MUNICIPIO DE POPAYÁN
B6: SALDO DE CONTRATOS EN EJECUCIÓN (SCE)
B8: Con el fin de Acreditar la Capacidad Residualpara la Cntratación de Obras (CR), a continuación nos permitimos relacionar los contratos en ejecución que afectanmi capacidad, en los siguientes téminos:
B10: Información de Contratos Vigentes
B12: ID | C12: Objeto Contrato | D12: Número de Contrato | E12: Entidad Contratante | F12: FORMAS DE EJECUCION | H12: Valor del contrato ni (incluido IVA y adiciones) | I12: PLAZO | J12: FECHA DE INICIO | K12: TOTAL SUSPENSIONES | L12: DIAS POR EJECUTAR
B13: No. | F13: I,C,UT, OTRA | G13: % | H13: (Pesos $) | I13: MESES | J13: D/M/A | K13: DIAS | L13: DIAS | O13: INICIO | P13: DÍAS DE PLAZO | Q13: SUSPENSIONES | R13: CIERRE | S13: FALTA
O14: =J14 -> 0 | P14: =O14+(30.3*I14) -> 0 | Q14: =P14+K14 -> 0 | R14: 43662 | S14: =ROUND(Q14-R14,0) -> -43662
O15: =J15 -> 0 | P15: =30.3*I15 -> 0 | Q15: =P15+K15 -> 0 | R15: 43662 | S15: =ROUND(Q15-R15,0) -> -43662
O16: =J16 -> 0 | P16: =O16+(30.3*I16) -> 0 | Q16: =P16+K16 -> 0 | R16: 43662 | S16: =ROUND(Q16-R16,0) -> -43662
B17: .
B19: NOTA: La fecha de inicio de las obras objeto de los contratos adjudicados y la fecha de reinicio de los contratos suspendidos se tomará para efectos de claridad al proceso la fecha de cierre del proceso.
B22: NOMBRE PROPONENTE | F22: ='residual 2'!G26 -> CONTADOR PUBLICO
B25: FIRMA | F25: FIRMA
